 Dungeon Crawl Stone Soup version 0.19.5 (webtiles) character file.

38 wolfsongas the Slasher (level 3, -3/33 HPs)
             Began as a Minotaur Monk on May 3, 2017.
             Was a Believer of Fedhas.
             Slain by an adder (4 damage)
             ... on level 2 of the Dungeon.
             The game lasted 00:04:41 (1346 turns).

wolfsongas the Slasher (Minotaur Monk)              Turns: 1346, Time: 00:04:42

Health: -3/33      AC:  3    Str: 13 (16) XL:     3   Next: 25%
Magic:  0/2        EV: 13    Int:  4 (7)  God:    Fedhas [**....]
Gold:   80         SH:  0    Dex:  9 (12) Spells: 0 memorised, 2 levels left

rFire  . . .     SeeInvis .     g - +2 dagger (venom)
rCold  . . .     Gourm    .     b - +0 robe
rNeg   . . .     Faith    .     (no shield)
rPois  .         Spirit   .     (helmet restricted)
rElec  .         Reflect  .     f - +0 cloak (curse)
rCorr  .         Harm     .     (no gloves)
MR     .....                    (no boots)
Stlth  +.........               (no amulet)
                                (no ring)
                                (no ring)

@: lethally poisoned (-3 -> -16), glowing
A: retaliatory headbutt, horns 2
a: Fungal Bloom, Evolution, Sunlight, Renounce Religion


You were on level 2 of the Dungeon.
You worshipped Fedhas.
Fedhas was pleased with you.
You were not hungry.

You visited 1 branch of the dungeon, and saw 2 of its levels.

You collected 80 gold pieces.

Inventory:

Hand Weapons
 a - a +0 falchion
 g - a +2 dagger of venom (weapon)
Armour
 b - a +0 robe (worn)
 f - a cursed +0 cloak (worn)
Potions
 e - 2 potions of might
Comestibles
 c - a bread ration
 d - a meat ration


   Skills:
 + Level 4.1 Fighting
 + Level 4.2 Long Blades
 + Level 3.8 Dodging
 + Level 1.8 Stealth


You had 2 spell levels left.
You didn't know any spells.

Dungeon Overview and Level Annotations

Branches:
Dungeon (2/15)

Altars:
Fedhas


Innate Abilities, Weirdness & Mutations

You reflexively headbutt those who attack you in melee.
You have a pair of horns on your head.


Message History

* * * LOW HITPOINT WARNING * * *
The adder bites you.
* * * LOW HITPOINT WARNING * * *
The adder barely misses you. The quokka bites you.
* * * LOW HITPOINT WARNING * * *
The frilled lizard unfolds its giant frill.
The frilled lizard bites you.
* * * LOW HITPOINT WARNING * * *
You hit the hobgoblin.
The hobgoblin is poisoned.
You headbutt the hobgoblin.
The hobgoblin is severely wounded.
You kill the hobgoblin!
The adder barely misses you. The quokka barely misses you. The adder bites you.
* * * LOW HITPOINT WARNING * * *
You are more poisoned.
The adder poisons you!
The frilled lizard completely misses you.
* * * LOW HITPOINT WARNING * * *
You feel sick. The adder bites you.
You die...
Fedhas appreciates your contribution to the ecosystem.

# ##### #.........#
###...# #.........#
†)....###.........#
†≈≈≈.......####...#
.≈_≈≈......# #...#####.
.≈≈≈.......####.........
≈.≈≈.............l......
#.....###........S.....$
####### #......S@r......
................
.....####....... ###
..... ....... #'###
..... ....... ....# [...
...>... ....#####
###.... ......... [...
.........


You could see 2 adders, a quokka and a frilled lizard.

Vanquished Creatures
  An ooze (D:1)
  A worm (D:2)
  A leopard gecko (D:2)
  5 bats (D:1)
  A giant cockroach (D:2)
  4 goblins
  2 hobgoblins (D:2)
  3 jackals (D:2)
  A quokka (D:2)
  A ball python (D:1)
  A frilled lizard (D:1)
  5 kobolds
  2 rats
28 creatures vanquished.

Notes
Turn   | Place    | Note
-------+----------+-------------------------------------------
     0 | D:1      | wolfsongas the Minotaur Monk began the quest for the Orb.
     0 | D:1      | Reached XP level 1. HP: 19/19 MP: 0/0
   312 | D:1      | Reached XP level 2. HP: 27/27 MP: 1/1
  1103 | D:2      | Reached XP level 3. HP: 21/33 MP: 2/2
  1121 | D:2      | Found a blossoming altar of Fedhas.
  1141 | D:2      | Became a worshipper of Fedhas Madash
  1141 | D:2      | Reached * piety under Fedhas
  1141 | D:2      | Reached ** piety under Fedhas
  1346 | D:2      | HP: 1/33 [poisoned by an adder]
  1346 | D:2      | Slain by an adder

Skill      XL: |  1  2 |
---------------+-------+-----
Fighting       | 4 |  4.1
Long Blades    | 4 |  4.2
Dodging        | |  3.8
Stealth        | |  1.8

Action                   || total
-------------------------++-------
Melee: Falchion          ||    47
       Headbutt          ||    11
       Dagger            ||    10
Invok: Sunlight          ||     1
  Use: Potion            ||     4
       Scroll            ||     3
 Stab: Sleeping          ||     1
  Eat: Bread ration      ||     1
Armor: Robe              ||    26
Dodge: Dodged            ||    64
       Rpst.: Falchion   ||     8
